 Dungeon Crawl Stone Soup version 0.23-a0-436-g57debff (webtiles) character file.

330207 Amnesiac the Imperceptible (level 20, -1/113 HPs)
             Began as a Spriggan Enchanter on Nov 17, 2018.
             Was the Champion of Dithmenos.
             Slain by an acid blob (24 damage)
             ... created by the Royal Jelly
             ... on level 5 of the Pits of Slime.
             The game lasted 02:53:06 (51779 turns).

Amnesiac the Imperceptible (Spriggan Enchanter)    Turns: 51779, Time: 02:53:07

Health: -1/113     AC:  9    Str:  4    XL:     20   Next: 84%
Magic:  0/56       EV: 33    Int: 26    God:    Dithmenos [******]
Gold:   2471       SH: 11    Dex: 18    Spells: 0/45 levels left

rFire    . . .     SeeInvis +   a - +9 quick blade (freeze)
rCold    . . .     Gourm    .   L - +3 buckler {AC+3}
rNeg     . . .     Faith    .   J - +2 robe {Archmagi}
rPois    +         Spirit   +   o - +1 hat
rElec    .         Reflect  .   (no cloak)
rCorr    +         Harm     .   (gloves unavailable)
MR       ++++.                  (boots unavailable)
Stlth    ++++++++++             z - amulet of guardian spirit
HPRegen  0.28/turn              m - ring "Sacith" {rPois MP+9 AC+4 Stlth+}
MPRegen  0.35/turn              g - ring of Ofioquimm {rCorr MR+ MP+9}

@: confusing touch, corroded, very slightly contaminated, wreathed by umbra,
drained, deflect missiles, very quick
A: very small, unfitting armour, see invisible, agile 1, herbivore, speed 3,
mutation resistance 1, shaggy fur 1, slow metabolism 2
}: 2/15 runes: barnacled, gossamer
a: Shadow Step, Shadow Form, Renounce Religion


You were on level 5 of the Pits of Slime.
You worshipped Dithmenos.
Dithmenos was exalted by your worship.
You were very full.

You visited 10 branches of the dungeon, and saw 44 of its levels.
You also visited: Trove, Ossuary and Bailey.

You collected 5964 gold pieces.
You spent 3493 gold pieces at shops.

Inventory:

Hand Weapons
 a - a +9 quick blade of freezing (weapon)
 A - a +9 blowgun
 V - a +3 quick blade of piercing
Missiles
 E - 3 throwing nets (quivered)
 F - 7 needles of confusion
Armour
 o - a +1 hat (worn)
 J - a +2 robe of the Archmagi (worn)
 L - a +3 buckler of protection (worn)
Jewellery
 e - the ring "Julupt" {+Fly rF+ rN+ MR+}
   (You found it on level 10 of the Dungeon)

   [ring of protection from fire]

   It protects you from fire.
   It protects you from negative energy.
   It affects your resistance to hostile enchantments.
   It lets you fly.
 g - the ring of Ofioquimm (right hand) {rCorr MR+ MP+9}
   (You found it in a treasure trove)

   [ring of resist corrosion]

   It affects your resistance to hostile enchantments.
   It affects your magic capacity (+9).
 m - the ring "Sacith" (left hand) {rPois MP+9 AC+4 Stlth+}
   (You bought it in a shop on level 3 of the Elven Halls)

   [ring of protection]

   It affects your AC (+4).
   It protects you from poison.
   It affects your magic capacity (+9).
   It makes you more stealthy.
 u - the ring "Fyshrom" {-Tele Int+6 Slay+6}
   (You found it in a treasure trove)

   [ring of intelligence]

   It affects your intelligence (+6).
   It affects your accuracy and damage with ranged weapons and melee attacks
   (+6).
   It prevents most forms of teleportation.
 z - an amulet of guardian spirit (around neck)
 H - the ring of Makhleb's Supremacy {rElec MP+9 Int+3}
   (You found it in a treasure trove)

   [ring of intelligence]

   It affects your intelligence (+3).
   It insulates you from electricity.
   It affects your magic capacity (+9).
 O - an uncursed ring of wizardry
Wands
 c - a wand of paralysis (30)
 f - a wand of clouds (1)
 h - a wand of enslavement (14)
 q - a wand of digging (10)
 w - a wand of acid (11)
 M - a wand of disintegration (14)
Scrolls
 b - a scroll of identify {!r}
 i - 11 scrolls of teleportation {!r}
 j - 6 scrolls of fog {!r}
 k - a scroll of blinking {!r}
 l - 18 scrolls of remove curse {!r}
 n - 8 scrolls of magic mapping {!r}
 s - 4 scrolls of fear {!r}
 B - 5 scrolls of amnesia {!r}
Potions
 p - 4 potions of ambrosia {!q}
 v - 6 potions of brilliance {!q}
 x - 5 potions of flight {!q}
 C - 4 potions of haste {!q}
 D - a potion of cancellation {!q}
 I - a potion of magic {!q}
 N - 3 potions of invisibility {!q}
 Q - 3 potions of resistance {!q}
 R - 2 potions of berserk rage {!q}
 U - 6 potions of heal wounds {!q}
 W - 5 potions of curing {!q}
 X - 2 potions of mutation {!q}
 Z - 2 potions of might {!q}
Miscellaneous
 d - a fan of gales
 r - a lamp of fire
 t - 3 boxes of beasts
 y - 3 sacks of spiders
 T - a lightning rod (4/4)
 Y - 3 phantom mirrors
Comestibles
 G - 35 rations


   Skills:
 * Level 15.1(14.8) Fighting
 - Level 10.0(9.8) Short Blades
 + Level 8.8(8.6) Throwing
 - Level 18.0(17.7) Dodging
 + Level 24.2(24.0) Stealth
 - Level 7.2(7.0) Shields
 - Level 13.0(12.7) Spellcasting
 - Level 4.0(3.8) Conjurations
 - Level 13.0(12.8) Hexes
 - Level 9.0(8.8) Charms
 - Level 3.0(2.8) Necromancy
 - Level 8.0(7.8) Transmutations
 - Level 5.0(4.8) Air Magic
 - Level 4.0(3.8) Earth Magic
 - Level 12.0(11.7) Invocations
 - Level 9.0(8.8) Evocations


You couldn't memorise any spells.
You knew the following spells:

 Your Spells              Type           Power        Failure   Level  Hunger
a - Ensorcelled Hibernat  Hex/Ice        ######       1%          2    None
b - Passwall              Tmut/Erth      ######..     1%          2    None
c - Deflect Missiles      Chrm/Air       ######....   32%         6    #####..
d - Dazzling Spray        Conj/Hex       ######       1%          3    None
e - Confuse               Hex            #######.     1%          3    None
f - Irradiate             Conj/Tmut      ######....   9%          5    ###....
g - Invisibility          Hex            #######.     2%          6    #####..
h - Apportation           Tloc           ###...       3%          1    None
i - Mephitic Cloud        Conj/Pois/Air  #####...     3%          3    None
q - Yara's Violent Unrav  Hex/Tmut       #######...   1%          5    ###....
r - Regeneration          Chrm/Necr      ######....   1%          3    None
v - Blink                 Tloc           N/A          5%          2    None
w - Tukima's Dance        Hex            #######.     1%          3    None
z - Confusing Touch       Hex            ######       1%          1    None

Your spell library contained the following spells:

 Spells                   Type           Power        Failure   Level  Hunger
 Animate Skeleton         Necr           N/A          1%          1    None
 Beastly Appendage        Tmut           ######       1%          1    None
 Corona                   Hex            #######      1%          1    None
 Flame Tongue             Conj/Fire      #####        1%          1    None
 Infusion                 Chrm           ####         1%          1    None
 Pain                     Necr           ####         1%          1    None
 Sandblast                Erth           ######       1%          1    None
 Corpse Rot               Necr           N/A          1%          2    None
 Poisonous Vapours        Pois/Air       #####.       1%          2    None
 Shroud of Golubria       Chrm/Tloc      ######....   1%          2    None
 Slow                     Hex            #######.     1%          2    None
 Song of Slaying          Chrm           #######.     1%          2    None
 Sublimation of Blood     Necr           #####.....   1%          2    None
 Swiftness                Chrm/Air       ######..     1%          2    None
 Inner Flame              Hex/Fire       ######..     1%          3    None
 Portal Projectile        Hex/Tloc       ######       1%          3    None
 Spectral Weapon          Hex/Chrm       #######.     1%          3    None
 Static Discharge         Conj/Air       ######..     1%          3    None
 Summon Guardian Golem    Hex/Summ       ######..     1%          3    None
 Cause Fear               Hex            #######...   1%          4    None
 Leda's Liquefaction      Hex/Erth       ######....   1%          4    None
 Throw Flame              Conj/Fire      #####.       2%          2    None
 Stone Arrow              Conj/Erth      ######       2%          3    None
 Darkness                 Hex            #######...   2%          6    #####..
 Freeze                   Ice            ###.         3%          1    None
 Summon Small Mammal      Summ           ###.         3%          1    None
 Ignite Poison            Fire/Tmut/Pois #####...     3%          3    None
 Vampiric Draining        Necr           #####.....   3%          3    None
 Petrify                  Tmut/Erth      ######..     3%          4    None
 Conjure Flame            Conj/Fire      #####...     4%          3    None
 Call Imp                 Summ           ###.....     5%          2    None
 Ice Form                 Ice/Tmut       ######..     7%          4    None
 Iskenderun's Battlesphe  Conj/Chrm      ######..     7%          5    ###....
 Metabolic Englaciation   Hex/Ice        ######....   7%          5    ###....
 Excruciating Wounds      Chrm/Necr      ######....   9%          5    ###....
 Call Canine Familiar     Summ           ###.....     11%         3    None
 Gell's Gravitas          Tloc           ###.......   11%         3    None
 Lesser Beckoning         Tloc           ###.......   11%         3    None
 Teleport Other           Tloc           ###.....     11%         3    None
 Animate Dead             Necr           N/A          11%         4    None
 Summon Lightning Spire   Summ/Air       #####...     13%         4    None
 Sticky Flame             Conj/Fire      #####...     16%         4    None
 Alistair's Intoxication  Tmut/Pois      ######..     19%         5    ###....
 Lee's Rapid Deconstruct  Erth           ######....   19%         5    ###....
 Hydra Form               Tmut           ######....   22%         6    #####..
 Bolt of Draining         Conj/Necr      ######....   24%         5    ###....
 Agony                    Necr           #####...     30%         5    ###....
 Dispel Undead            Necr           #####...     30%         5    ###....
 Bolt of Magma            Conj/Fire/Erth #####.....   32%         5    ###....
 Passage of Golubria      Tloc           N/A          34%         4    None
 Summon Ice Beast         Ice/Summ       ###.....     34%         4    None
 Fireball                 Conj/Fire      #####.....   41%         5    ###....
 Venom Bolt               Conj/Pois      #####.....   41%         5    ###....
 Statue Form              Tmut/Erth      ######...    43%         6    #####..
 Iron Shot                Conj/Erth      ######....   73%         6    #####..
 Dragon Form              Tmut           ######....   75%         7    ######.
 Death Channel            Necr           #####.....   86%         6    #####..
 Freezing Cloud           Conj/Ice/Air   #####.....   86%         6    #####..
 Bolt of Cold             Conj/Ice       #####.....   94%         6    #####..
 Bolt of Fire             Conj/Fire      #####.....   94%         6    #####..
 Simulacrum               Ice/Necr       #####.....   96%         6    #####..
 Ozocubu's Refrigeration  Ice            ###.......   99%         6    #####..
 Orb of Destruction       Conj           ######....   99%         7    ######.
 Ring of Flames           Chrm/Fire      ######....   99%         7    ######.
 Haunt                    Necr/Summ      #####.....   100%        7    ######.
 Spellforged Servitor     Conj/Summ      #####.....   100%        7    ######.
 Borgnjor's Revivificati  Necr           #####.....   100%        8    #######
 Death's Door             Chrm/Necr      ######....   100%        8    #######
 Ignition                 Fire           ###.......   100%        8    #######
 Infestation              Necr           #####.....   100%        8    #######
 Necromutation            Tmut/Necr      ######....   100%        8    #######
 Shatter                  Erth           ######....   100%        9    #######
 Tornado                  Air            ######....   100%        9    #######


Dungeon Overview and Level Annotations

Branches:
Dungeon (15/15)            Temple (1/1) D:5            Lair (6/6) D:11
 Shoals (4/4) Lair:3       Spider (4/4) Lair:2        Slime (5/5) Lair:6
    Orc (2/2) D:11            Elf (3/3) Orc:2        Vaults (1/5) D:13
 Depths (3/5) D:15

Altars:
Ashenzari
Cheibriados
Dithmenos
Elyvilon
Fedhas
Gozag
Hepliaklqana
Kikubaaqudgha
Makhleb
Nemelex Xobeh
Okawaru
Qazlal
Ru
Sif Muna
Trog
Uskayaw
Vehumet
Wu Jian
Xom
Yredelemnul
Zin
The Shining One
Jiyva

Shops:
D:5 (   Orc:1 *   Orc:2 }[**   Elf:3 }=}   Shoals:3 [   Depths:3 *

Portals:
Hell: Depths:1 Depths:2
Pandemonium: Depths:2

Annotations:
Slime:5 Royal Jelly


Innate Abilities, Weirdness & Mutations

You are very small and have problems with some larger weapons.
You are too small for most types of armour.
You have supernaturally acute eyesight. (SInv)
You are a herbivore.
You cover ground extremely quickly.
You need to consume almost no food.
You are agile. (Dex +2)
You are somewhat resistant to further mutation.
You are covered in fur. (AC +1)


Message History

You are very lightly contaminated with residual magic.
The Royal Jelly shudders violently.
The Royal Jelly spits out three more jellies.
The slime creature quivers.
The eye of draining turns its gaze towards you.
The slime creature quivers.
The Royal Jelly barely misses you. The Royal Jelly misses you.
Really read
K - a scroll of summoning {!r}?
As you read the scroll of summoning {!r}, it crumbles to dust.
Wisps of shadow whirl around you... The Royal Jelly closely misses you.
You block the Royal Jelly's attack.
An acid blob comes into view.
The acid blob barely misses you.
You hit the Royal Jelly but do no damage.
Your hands burn!
The Royal Jelly is lightly wounded.
The Royal Jelly completely misses you. The Royal Jelly hits you!
You are splashed with acid!
The acid burns!
You resist.
You hit the Royal Jelly but do no damage.
Your hands burn!
The Royal Jelly is lightly wounded.
The acid blob hits you!!
You emit a cloud of dark smoke.
The acid corrodes you!
You are splashed with acid!
The acid burns!
You resist.
You hit the Royal Jelly but do no damage.
Your hands burn!
The Royal Jelly is lightly wounded.
Casting: Irradiate (slightly dangerous; 9% risk of failure)
Confirm with . or Enter, or press ? or * to list all spells.
You feel a surge of power!
You feel jittery for a moment.
Your slime creature is burned by acid! x2
The acid blob hits you!!
You are splashed with acid!
The acid burns!
You resist. The acid blob completely misses you.
Casting: Blink (safe; 5% risk of failure)
Confirm with . or Enter, or press ? or * to list all spells.
You feel a surge of power!
You feel jittery for a moment.
Your slime creature is burned by acid!
The acid blob spits acid at you. You deflect the splash of acid!
Your slime creature is burned by acid!
The acid blob completely misses you.
The azure jelly completely misses you. x2
The azure jelly hits you. x2
Casting: Blink (safe; 5% risk of failure)
Confirm with . or Enter, or press ? or * to list all spells.
You feel a surge of power!
You feel jittery for a moment. The acid blob barely misses you.
The acid blob misses you.
Your slime creature is burned by acid! x2
A slime creature suddenly becomes a large slime creature.
You block the azure jelly's attack. The azure jelly hits you!
* * * LOW HITPOINT WARNING * * *
The azure jelly freezes you!!!
* * * LOW HITPOINT WARNING * * *
You emit a cloud of dark smoke.
The azure jelly completely misses you. The azure jelly hits you.
* * * LOW HITPOINT WARNING * * *
The acid blob misses you. The acid blob hits your slime creature.
Your slime creature is splashed with acid.
The acid corrodes your slime creature!
You swap places.
The azure jelly hits your slime creature.
The azure jelly freezes your slime creature!!!
Your slime creature dies!
The acid blob quivers.
You swap places.
The acid blob hits you!!
You die...

######..#######
..#.§......#...
#...#J_§§#G..#
######JJ######
#!!#[#J##|#:$##
%?:)##§J##():=#
(:):/##J#$)|)[#
#/}$##JJ##%}/##
##$ #@## )## .
#§§# #.. ...
###§## ##..
...###....##....
................
................
................
................
................


You could see 2 acid blobs, an azure jelly, a slime creature, an eye of draining
and a friendly large slime creature.

Vanquished Creatures
  A caustic shrike (Depths:2)
  Nikola (Elf:1)
  3 liches
  Arachne (Spider:2)
  Rupert (D:13)
  3 tentacled monstrosities (Depths:2)
  4 titans
  2 deep elf blademasters (Elf:3)
  Asterion (Spider:2)
  5 deep elf master archers
  2 acid blobs
  Frances (Spider:1)
  Agnes (D:15)
  Donald (Elf:1)
  A tengu reaver (Depths:2)
  Roxanne (D:15)
  4 azure jellies
  6 frost giants
  3 fire giants
  An iron dragon (Depths:2)
  8 emperor scorpions
  3 orc warlords
  The ghost of Xulaef the Markscentaur, a journeyman CeWn of Okawaru (Spider:2)
  3 ghost moths (Spider:4)
  5 deep elf sorcerers (Elf:3)
  9 stone giants
  5 entropy weavers
  A juggernaut skeleton (Depths:1)
  8 very ugly things (Depths:2)
  3 deep elf demonologists (Elf:3)
  A black draconian (Orc:2)
  Azrael (D:13)
  Nessos (D:13)
  6 dire elephants
  2 spark wasps (Spider:4)
  3 minotaurs
  6 deep elf annihilators
  A white draconian (Elf:2)
  9 deep elf death magi
  8 merfolk javelineers
  6 ettins
  5 deep elf high priests (Elf:3)
  3 fire dragons
  6 merfolk impalers
  3 yaktaur captains
  A death ooze (Slime:5)
  2 naga warriors
  A vault guard (D:13)
  3 hydras
  6 ice dragons
  A monstrous demonspawn (Depths:2)
  A hell beast (Depths:1)
  A catoblepas (Lair:4)
  A merfolk avatar (Shoals:4)
  A caustic shrike simulacrum (Depths:1)
  7 centaur warriors
  An anaconda (Lair:6)
  18 two-headed ogres
  A queen ant (Lair:5)
  A satyr (Shoals:3)
  A merfolk aquamancer (Shoals:4)
  28 dancing weapons
  A death knight (D:14)
  5 ogre magi
  13 tengu warriors
  13 death yaks
  2 deep troll shamans (Depths:2)
  3 orc high priests (Orc:2)
  2 spriggan berserkers (Depths:2)
  25 deep elf knights
  A small abomination (Elf:3)
  A fire crab (D:13)
  A sun demon (Depths:1)
  5 sea snakes
  2 skeletal warriors
  An iron troll (Depths:2)
  8 unseen horrors
  2 glowing orange brains
  3 deep trolls (Depths:2)
  A wizard (D:14)
  A necromancer (Depths:2)
  An orange crystal statue (Lair:1)
  13 deep elf archers
  A phantasmal warrior (D:15)
  21 wolf spiders
  13 harpies
  7 orc knights
  6 manticores
  55 deep elf magi
  6 cyclopes
  23 ugly things
  2 shining eyes (Slime:2)
  9 orc sorcerers
  6 oklob plants (Lair:5)
  26 orb spiders
  A salamander (D:15)
  3 merfolk sirens
  7 fauns
  2 rust devils
  4 moths of wrath
  A naga mage (Orc:2)
  An orange demon (Depths:2)
  4 molten gargoyles (Elf:1)
  A water nymph (Shoals:4)
  17 elephants
  3 centaur zombies
  3 kobold demonologists (D:15)
  10 spiny frogs
  A hellion (Depths:2)
  A centaur skeleton (D:12)
  7 komodo dragons
  8 yaktaurs (Depths:2)
  3 tengu conjurers
  The ghost of HydraWiggins the Skirmisher, an amateur TrAE (D:4)
  2 rime drakes
  3 freezing wraiths
  10 demonic crawlers
  3 trolls
  24 merfolk
  37 slime creatures
  A wind drake (Shoals:4)
  24 jumping spiders
  5 dream sheep (Lair:4)
  7 hornets
  14 blink frogs
  16 hippogriffs
  3 snapping turtles
  An air elemental (Elf:1)
  2 shadows
  56 redbacks
  A ynoxinul (Depths:2)
  A spriggan (shapeshifter) (Elf:2)
  22 tarantellas
  6 wyverns
  5 water elementals
  9 fire elementals
  3 wraiths
  59 yaks
  6 basilisks
  2 hungry ghosts
  6 wargs
  3 nagas
  A soldier ant (shapeshifter) (Depths:1)
  5 soldier ants (Lair:5)
  3 acid dragons
  18 water moccasins
  4 hell hounds (D:13)
  Duvessa (D:6)
  6 porcupines
  37 orc warriors
  5 sky beasts
  2 black bears (D:9)
  4 eyes of draining
  A hornet zombie (D:13)
  3 ice beasts
  29 ogres
  4 phantoms
  4 boggarts (Depths:1)
  2 necrophages
  9 wolves
  12 centaurs
  A big kobold (shapeshifter) (D:15)
  11 crocodiles
  2 big kobolds
  2 earth elementals (Elf:1)
  19 bullfrogs
  A gnoll sergeant (D:11)
  A water moccasin zombie (D:9)
  A wyvern skeleton (D:8)
  Dowan (D:6)
  4 scorpions
  11 killer bees
  A troll zombie (D:9)
  10 wights
  5 howler monkeys
  A vampire bat (D:4)
  3 electric eels
  11 crimson imps
  A lava snake (Elf:1)
  A quasit (D:10)
  5 human zombies (D:9)
  8 hounds
  9 jellies
  A gnoll shaman (D:8)
  19 orc priests
  6 bullfrog skeletons
  3 bullfrog zombies
  7 iguanas
  27 orc wizards
  Jessica (D:3)
  A human skeleton (D:9)
  17 worker ants
  7 big kobold zombies (Ossuary)
  A hound zombie (D:10)
  A hound skeleton (D:8)
  5 mummies
  A howler monkey zombie (D:5)
  A worker ant zombie (D:9)
  11 gnolls
  7 adders
  5 shadow imps
  7 oozes
  An adder zombie (D:9)
  A dart slug (D:2)
  5 fire bats
  5 leopard geckos
  82 orcs
  3 spectral bats
  18 bats
  3 bat skeletons (D:4)
  A bat zombie (D:4)
  6 giant cockroaches
  12 hobgoblins
  27 kobolds
  7 quokkas
  4 ball pythons
  6 bat simulacra
  4 frilled lizards
  5 gnoll zombies (Ossuary)
  6 goblins
  A goblin simulacrum (Ossuary)
  4 goblin zombies (Ossuary)
  5 hobgoblin zombies (Ossuary)
  2 kobold simulacra (Ossuary)
  5 kobold zombies (Ossuary)
  6 orc zombies
  A quokka zombie (D:9)
  4 rats
  3 rat simulacra (Ossuary)
  2 spectral goblins (Ossuary)
  6 spectral kobolds (Ossuary)
  3 spectral rats (Ossuary)
  4 crawling corpses (Elf:3)
  A fungus (Lair:6)
  7 plants
1550 creatures vanquished.

Vanquished Creatures (collateral kills)
  A fire giant (Orc:1)
  A death knight (D:14)
  An orc priest (Orc:2)
  An orc (Orc:2)
4 creatures vanquished.

Vanquished Creatures (others)
  A deep elf sorcerer (Elf:3)
  A deep elf elementalist (Elf:3)
  A yaktaur captain (D:13)
  2 centaur warriors
  A tengu warrior (Elf:1)
  A deep elf knight (Elf:1)
  An orc sorcerer (Elf:1)
  A gargoyle (D:12)
  2 yaktaurs (Depths:2)
  A tengu conjurer (Elf:1)
  An air elemental (Elf:1)
  2 orc warriors
  2 centaurs
  3 orc wizards (D:12)
  3 orcs (D:12)
  2 spectral bats (Ossuary)
  A spectral goblin (Ossuary)
  2 spectral kobolds (Ossuary)
  A bush (Lair:2)
  8 fungi
  30 plants
67 creatures vanquished.

Grand Total: 1621 creatures vanquished

Notes
Turn   | Place    | Note
-------+----------+-------------------------------------------
     0 | D:1      | Amnesiac the Spriggan Enchanter began the quest for the
                  | Orb.
     0 | D:1      | Reached XP level 1. HP: 9/9 MP: 5/5
   263 | D:1      | Reached XP level 2. HP: 13/13 MP: 6/6
   267 | D:1      | Learned a level 2 spell: Ensorcelled Hibernation
   492 | D:3      | Reached XP level 3. HP: 12/16 MP: 5/8
   499 | D:3      | Learned a level 3 spell: Confuse
   507 | D:3      | Reached skill level 5 in Stealth
   855 | D:4      | Reached XP level 4. HP: 12/21 MP: 4/9
   937 | D:5      | Entered Level 5 of the Dungeon
   937 | D:5      | Noticed an ogre
   938 | D:5      | Found a staircase to the Ecumenical Temple.
   948 | Temple   | Entered the Ecumenical Temple
  1002 | Temple   | Became a worshipper of Warmaster Okawaru
  1030 | D:5      | Killed an ogre
  1030 | D:5      | Reached skill level 6 in Stealth
  1030 | D:5      | Reached skill level 1 in Shields
  1030 | D:5      | Reached XP level 5. HP: 24/24 MP: 7/10
  1051 | D:5      | Learned a level 3 spell: Tukima's Dance
  1138 | D:4      | Found a runed door.
  1142 | D:4      | Noticed HydraWiggins's ghost (amateur TrAE)
  1205 | D:4      | Noticed an ogre
  1212 | D:4      | Killed an ogre
  1212 | D:4      | Reached * piety under Okawaru
  1212 | D:4      | Reached XP level 6. HP: 28/28 MP: 11/11
  1346 | D:4      | Reached skill level 7 in Stealth
  1366 | D:4      | Found a sand-covered staircase.
  1371 | Ossuary  | Entered an ossuary
  2469 | D:4      | Reached skill level 8 in Stealth
  2491 | D:4      | Reached XP level 7. HP: 20/32 MP: 12/12
  3604 | D:7      | Noticed a yak
  3604 | D:7      | Noticed a yak
  3604 | D:7      | Noticed a yak
  3604 | D:7      | Noticed a yak
  3605 | D:7      | Noticed a yak
  3607 | D:7      | Noticed a yak
  3642 | D:6      | Killed a yak
  3642 | D:6      | Reached ** piety under Okawaru
  3642 | D:6      | Reached skill level 5 in Shields
  3642 | D:6      | Reached XP level 8. HP: 36/36 MP: 0/13
  3950 | D:6      | Noticed Dowan
  3952 | D:6      | Noticed Duvessa
  3953 | D:6      | Killed Dowan
  4214 | D:6      | Killed Duvessa
  4503 | D:6      | Learned a level 3 spell: Dazzling Spray
  4572 | D:6      | Reached *** piety under Okawaru
  4831 | D:7      | Reached XP level 9. HP: 9/39 MP: 8/14
  4862 | D:8      | Identified a paperback manual
  5072 | D:8      | Found an iron altar of Okawaru.
  5100 | D:8      | Reached skill level 9 in Stealth
  5289 | D:8      | Reached skill level 5 in Short Blades
  5300 | D:8      | Reached skill level 5 in Dodging
  5445 | D:9      | Reached **** piety under Okawaru
  5450 | D:9      | Reached skill level 10 in Stealth
  5954 | D:10     | Entered Level 10 of the Dungeon
  5974 | D:10     | Reached skill level 11 in Stealth
  6096 | D:10     | Got a transparent spear
  6129 | D:10     | Reached skill level 10 in Dodging
  6130 | D:10     | Reached ***** piety under Okawaru
  6130 | D:10     | Reached XP level 10. HP: 30/43 MP: 1/15
  6151 | D:10     | Lost strength.
  6151 | D:10     | Identified the +3 spear of Tumult {freeze, Str-4 Int+4
                  | SInv} (You found it on level 10 of the Dungeon)
  6537 | D:10     | Got a scorched tin ring
  6538 | D:10     | Identified the ring "Julupt" {+Fly rF+ rN+ MR+} (You found
                  | it on level 10 of the Dungeon)
  6538 | D:10     | Noticed an unseen horror
  6548 | D:10     | Killed an unseen horror
  6548 | D:10     | Reached skill level 12 in Stealth
  6664 | D:11     | Found a staircase to the Lair.
  6664 | D:11     | Noticed a cyclops
  6665 | D:11     | Found a staircase to the Orcish Mines.
  6739 | D:10     | Reached skill level 1 in Evocations
  6983 | D:11     | Noticed a two-headed ogre
  7005 | D:11     | Noticed a purple ugly thing
  7125 | D:10     | Killed a two-headed ogre
  7238 | D:10     | Killed a green ugly thing
  7238 | D:10     | Received a gift from Okawaru
  7504 | D:11     | Found a burning altar of Makhleb.
  7549 | Lair:1   | Entered Level 1 of the Lair of Beasts
  7647 | Lair:1   | Reached skill level 13 in Stealth
  7920 | Lair:1   | Reached skill level 5 in Hexes
  7984 | Lair:1   | Reached XP level 11. HP: 47/47 MP: 1/19
  7993 | Lair:1   | Reached skill level 5 in Spellcasting
  9266 | Lair:1   | Reached skill level 1 in Invocations
  9579 | D:11     | Noticed an unseen horror
  9585 | D:11     | Killed an unseen horror
  9585 | D:11     | Reached ****** piety under Okawaru
  9585 | D:11     | Received a gift from Okawaru
  9585 | D:11     | Reached skill level 5 in Evocations
 10099 | D:12     | Noticed a green ugly thing
 10270 | D:12     | Killed a green ugly thing
 10270 | D:12     | Reached skill level 14 in Stealth
 10779 | D:13     | Noticed a brown ugly thing
 10781 | D:13     | Noticed an unseen horror
 10787 | D:13     | Noticed a vault guard
 10788 | D:13     | Killed an unseen horror
 10788 | D:13     | Received a gift from Okawaru
 10788 | D:13     | Reached XP level 12. HP: 39/51 MP: 14/24
 10888 | D:13     | Killed a vault guard
 10888 | D:13     | Reached skill level 15 in Dodging
 11170 | D:13     | Noticed a four-headed hydra
 11172 | D:13     | Noticed a yaktaur captain
 11172 | D:13     | Noticed a yaktaur captain
 11325 | D:13     | Found a shimmering altar of Xom.
 11376 | D:13     | Noticed Nessos
 11421 | D:13     | Killed Nessos
 11434 | D:13     | Learned a level 1 spell: Confusing Touch
 11441 | D:13     | Noticed Rupert
 11546 | D:13     | Reached skill level 15 in Stealth
 11566 | D:13     | Noticed a five-headed hydra
 11573 | D:13     | Killed a five-headed hydra
 11573 | D:13     | Reached skill level 5 in Invocations
 11581 | D:13     | Received a gift from Okawaru
 11589 | D:13     | Noticed a fire dragon
 11612 | D:13     | Killed a fire dragon
 11618 | D:13     | Identified Sif Muna's Reference Book on the Glacier
 11754 | D:13     | Killed a yaktaur captain
 11891 | D:13     | Learned a level 5 spell: Irradiate
 11893 | D:13     | Learned a level 1 spell: Apportation
 12251 | D:13     | Killed a yaktaur captain
 12282 | D:13     | Received a gift from Okawaru
 12329 | D:13     | Noticed Azrael
 12453 | D:13     | Found a gate to the Vaults.
 12606 | D:13     | Killed a four-headed hydra
 12606 | D:13     | Reached XP level 13. HP: 55/55 MP: 20/25
 12654 | D:13     | Reached skill level 10 in Hexes
 12781 | D:13     | Killed Rupert
 12862 | D:14     | Reached skill level 10 in Short Blades
 12882 | D:13     | Received a gift from Okawaru
 12931 | D:13     | Killed Azrael
 13358 | D:14     | Reached skill level 10 in Invocations
 13397 | D:14     | Identified Xephae's Handbook of Unholy Ice
 13513 | D:14     | Received a gift from Okawaru
 13629 | D:14     | Identified 2 scrolls of acquirement {!r}
 14691 | D:15     | Entered Level 15 of the Dungeon
 14691 | D:15     | Noticed Agnes
 14882 | D:15     | Reached XP level 14. HP: 59/59 MP: 26/26
 15011 | D:15     | Killed Agnes
 15011 | D:15     | Reached skill level 1 in Transmutations
 15225 | D:15     | Reached skill level 1 in Conjurations
 15502 | D:15     | Received a gift from Okawaru
 15794 | D:15     | Identified Roxanne's Collected Works on Moulding
 15794 | D:15     | Noticed Roxanne
 16324 | D:15     | Noticed an emperor scorpion
 16328 | D:15     | Found a staircase to the Depths.
 16342 | D:15     | Killed an emperor scorpion
 16342 | D:15     | Reached skill level 1 in Fighting
 16342 | D:15     | Reached skill level 5 in Transmutations
 16593 | D:15     | Killed Roxanne
 16599 | D:15     | Learned a level 2 spell: Passwall
 16605 | D:15     | Learned a level 5 spell: Yara's Violent Unravelling
 16684 | Orc:1    | Entered Level 1 of the Orcish Mines
 16690 | Orc:1    | Found Biugg's Bounteous Boutique.
 16787 | Orc:2    | Entered Level 2 of the Orcish Mines
 17072 | Orc:1    | Found a flagged portal.
 17080 | Bailey   | Entered a bailey
 17861 | Orc:2    | Received a gift from Okawaru
 17867 | Orc:2    | Fell from the grace of Okawaru
 18635 | D:1      | You fall through a shaft!
 18779 | D:3      | Noticed Jessica
 18816 | D:3      | Found a shadowy altar of Dithmenos.
 18821 | D:3      | Became a worshipper of Dithmenos the Shadowed
 20090 | D:3      | Killed Jessica
 20178 | D:4      | Killed HydraWiggins's ghost
 20269 | D:5      | Found Viubeism's Antique Weapon Shop.
 20269 | D:5      | Identified Sif Muna's Almanac of Cloudy Curses
 20962 | D:6      | Reached * piety under Dithmenos
 22311 | D:8      | Reached ** piety under Dithmenos
 22616 | D:9      | Found an ancient bone altar of Kikubaaqudgha.
 22955 | D:9      | Found a runed door.
 23083 | D:9      | Reached *** piety under Dithmenos
 23381 | Orc:1    | Bought a book of Burglary for 1275 gold pieces
 23381 | Orc:1    | Bought a book of Battle for 680 gold pieces
 23789 | Orc:2    | Reached XP level 15. HP: 46/68 MP: 12/27
 23855 | Orc:2    | Found Vaamodee's Assorted Antiques.
 23855 | Orc:2    | Found Hoafuere's Assorted Antiques.
 23857 | Orc:2    | Found Efag's Gadget Shop.
 23857 | Orc:2    | Found Naka's Antique Armour Shoppe.
 23938 | Orc:2    | Noticed an orc warlord
 24029 | Orc:2    | Noticed a deep elf master archer
 24035 | Orc:2    | Killed a deep elf master archer
 24143 | Orc:2    | Found a staircase to the Elven Halls.
 24791 | Orc:1    | Killed an orc warlord
 25012 | Orc:2    | Bought a notched marble ring for 135 gold pieces
 25055 | Elf:1    | Entered Level 1 of the Elven Halls
 25117 | Elf:1    | Noticed a titan
 25120 | Elf:1    | Reached skill level 16 in Stealth
 25173 | Elf:1    | Noticed Donald
 25368 | Elf:2    | Learned a level 6 spell: Invisibility
 25734 | Elf:2    | Noticed a titan
 26169 | Elf:1    | Killed Donald
 26190 | Elf:1    | Noticed an orc warlord
 26223 | Elf:1    | Killed an orc warlord
 26605 | Orc:2    | Noticed a titan
 26624 | Elf:1    | Killed a titan
 26692 | Elf:1    | Noticed a frost giant
 26692 | Elf:1    | Noticed a fire giant
 27200 | Orc:2    | HP: 2/68 [frost giant/+3 battleaxe of freezing[the fury of
                  | Okawaru] (2)]
 27328 | Elf:1    | Reached skill level 10 in Spellcasting
 27381 | Elf:1    | Reached **** piety under Dithmenos
 27693 | Orc:2    | Noticed a frost giant
 27693 | Orc:2    | Noticed a titan
 27754 | Orc:2    | Noticed a fire giant
 27754 | Orc:2    | Noticed a frost giant
 28150 | Lair:1   | Got a transparent demon whip
 28214 | Lair:1   | Noticed a deep elf master archer
 28784 | Lair:2   | Found a hole to the Spider Nest.
 28844 | Lair:2   | Was forgiven by Okawaru
 28845 | Lair:2   | Noticed an orc warlord
 29825 | Lair:3   | Found a staircase to the Shoals.
 30277 | Lair:3   | Reached ***** piety under Dithmenos
 30852 | Lair:4   | Identified the +3 demon whip "Fonupt" {slash, rF+ MR-
                  | Dex+10} (You found it on level 1 of the Lair of Beasts)
 30935 | Lair:4   | Learned a level 6 spell: Deflect Missiles
 31299 | Lair:5   | Reached skill level 1 in Air Magic
 31301 | Lair:5   | Reached XP level 16. HP: 74/74 MP: 32/32
 31703 | Lair:5   | Reached skill level 1 in Charms
 32408 | Lair:6   | Entered Level 6 of the Lair of Beasts
 32464 | Lair:6   | Reached ****** piety under Dithmenos
 32758 | Lair:6   | Learned a level 3 spell: Regeneration
 32816 | Lair:6   | Found a staircase to the Slime Pits.
 32927 | Lair:6   | Reached skill level 5 in Charms
 32927 | Lair:6   | Reached skill level 1 in Necromancy
 32975 | Lair:6   | Reached skill level 5 in Fighting
 35791 | Elf:1    | Noticed Nikola
 35807 | Elf:1    | Killed Nikola
 36194 | Elf:1    | Killed a titan
 36800 | Elf:1    | Reached XP level 17. HP: 84/84 MP: 28/35
 37214 | Elf:1    | Reached skill level 1 in Earth Magic
 37786 | Elf:2    | Reached skill level 5 in Air Magic
 37848 | Elf:2    | Gained mutation: You are frail. (-10% HP) [mutagenic glow]
 38527 | Elf:2    | Found a runed gate.
 38527 | Elf:2    | Found a runed gate.
 38527 | Elf:2    | Found a runed gate.
 38603 | Elf:3    | Entered Level 3 of the Elven Halls
 39050 | Elf:2    | Reached skill level 10 in Fighting
 39079 | Elf:2    | Found a deep blue altar of Sif Muna.
 39147 | Elf:2    | Killed a titan
 39480 | Elf:3    | Found Zillifin's Gadget Shoppe.
 39481 | Elf:3    | Found Hoboorir's Jewellery Boutique.
 39482 | Elf:3    | Found Tunaegg's Gadget Shoppe.
 40067 | Elf:3    | Noticed a deep elf master archer
 40163 | Elf:3    | Noticed a deep elf blademaster
 40168 | Elf:3    | Noticed a deep elf master archer
 40169 | Elf:3    | Identified the +1 robe of Cheibriados's Hope {*Contam Str+7
                  | SInv}
 40169 | Elf:3    | Noticed a deep elf master archer
 40180 | Elf:3    | Noticed a deep elf blademaster
 40188 | Elf:3    | Killed a deep elf blademaster
 40188 | Elf:3    | Reached skill level 17 in Stealth
 40196 | Elf:3    | Killed a deep elf blademaster
 40199 | Elf:3    | Killed a ghostly deep elf blademaster
 40363 | Elf:3    | Killed a deep elf master archer
 40370 | Elf:3    | Noticed a deep elf master archer
 40385 | Elf:3    | Killed a deep elf master archer
 40391 | Elf:3    | Killed a ghostly deep elf master archer
 40395 | Elf:3    | Killed a deep elf master archer
 40395 | Elf:3    | Reached XP level 18. HP: 85/85 MP: 32/36
 40424 | Elf:3    | Identified the +11 broad axe "Nusec" {flame, rF+ rC+}
 40633 | Elf:3    | Identified the +9 quarterstaff of Courage {vamp, +Inv rPois
                  | Int-2 Dex+3}
 40759 | Elf:3    | Reached skill level 18 in Stealth
 41022 | Elf:3    | Identified Huyb's Catalogue of the Eagle
 41028 | Elf:3    | Found the +8 longbow "Zephyr" {speed, Dex+3 SInv}
 41075 | Elf:3    | Identified the Reference Book on Good Luck
 41086 | Elf:3    | Identified Vehumet's Volume of Combat Magic
 41119 | Elf:3    | Learned a level 3 spell: Mephitic Cloud
 41593 | Orc:2    | Lost mutation: You are frail. (-10% HP) [potion of
                  | mutation]
 41593 | Orc:2    | Gained mutation: You are agile. (Dex +2) [potion of
                  | mutation]
 41593 | Orc:2    | Gained mutation: Potions are less effective at restoring
                  | your health. [potion of mutation]
 41593 | Orc:2    | Gained mutation: Your flesh is heat resistant. (rF+)
                  | [potion of mutation]
 41594 | Orc:2    | Lost mutation: Your flesh is heat resistant. (rF+) [potion
                  | of mutation]
 41594 | Orc:2    | Lost mutation: Potions are less effective at restoring your
                  | health. [potion of mutation]
 41594 | Orc:2    | Gained mutation: You are covered in fur. (AC +1) [potion of
                  | mutation]
 41594 | Orc:2    | Gained mutation: You are somewhat resistant to further
                  | mutation. [potion of mutation]
 41922 | Spider:1 | Entered Level 1 of the Spider Nest
 41964 | Spider:1 | Noticed Frances
 42181 | Spider:1 | Killed Frances
 42428 | Elf:3    | Bought the ring "Sacith" {rPois MP+9 AC+4 Stlth+} for 1171
                  | gold pieces
 42829 | Spider:1 | Reached skill level 19 in Stealth
 43586 | Spider:2 | Noticed Arachne
 43587 | Spider:2 | Killed Arachne
 43729 | Spider:2 | Noticed Asterion
 43744 | Spider:2 | Killed Asterion
 43875 | Spider:2 | Found a large runed door.
 43875 | Spider:2 | Found a large runed door.
 43878 | Spider:2 | Noticed Xulaef's ghost (journeyman CeWn)
 43914 | Spider:2 | Killed Xulaef's ghost
 43932 | Spider:2 | Got a faintly glowing steel amulet
 43934 | Spider:2 | Identified the amulet "Sekulu" {Inacc rC+} (You found it on
                  | level 2 of the Spider Nest)
 44451 | Spider:3 | Reached skill level 20 in Stealth
 45095 | Spider:4 | Entered Level 4 of the Spider Nest
 45428 | Spider:4 | Reached XP level 19. HP: 103/103 MP: 37/37
 45727 | Spider:4 | Reached skill level 21 in Stealth
 46166 | Spider:4 | Got a gossamer rune of Zot
 46547 | Shoals:1 | Entered Level 1 of the Shoals
 46774 | Shoals:2 | Got a twisted spear
 46882 | Shoals:3 | Found Qaac's Antique Armour Emporium.
 47026 | Shoals:3 | Reached skill level 1 in Throwing
 47092 | Shoals:3 | Reached skill level 22 in Stealth
 47150 | Shoals:4 | Entered Level 4 of the Shoals
 47233 | Shoals:4 | Got a barnacled rune of Zot
 47493 | Vaults:1 | Entered Level 1 of the Vaults
 47498 | Vaults:1 | Found a portal to a secret trove of treasure.
 47661 | Orc:2    | Bought 2 potions of agility for 232 gold pieces
 48067 | Depths:1 | Entered Level 1 of the Depths
 48293 | Depths:2 | Reached skill level 5 in Throwing
 48557 | Depths:1 | Noticed a lich
 48571 | Depths:1 | Killed a lich
 48645 | Depths:1 | Reached XP level 20. HP: 111/111 MP: 38/38
 48721 | Depths:1 | Found a gateway to Hell.
 48737 | Depths:1 | Reached skill level 23 in Stealth
 49028 | Depths:2 | Found the +8 storm bow {elec}
 49041 | Depths:2 | Noticed a caustic shrike
 49090 | Depths:2 | Killed a caustic shrike
 49711 | Depths:2 | Identified the +1 leather armour of Disappointment {rC+
                  | Int+2 Dex-4 Stlth+}
 49974 | Depths:2 | Found a one-way gate leading to the halls of Pandemonium.
 50255 | Depths:2 | Reached skill level 24 in Stealth
 50860 | Depths:3 | Found Nonin's Assorted Antiques.
 51054 | Vaults:1 | You paid a toll of 8 potions of agility to enter a treasure
                  | trove
 51055 | Trove    | Entered a treasure trove
 51070 | Trove    | Got a slimy turquoise ring
 51072 | Trove    | Got a scintillating amber ring
 51076 | Trove    | Got a sparkling garnet amulet
 51078 | Trove    | Got a coiled iron ring
 51080 | Trove    | Got a warped amethyst amulet
 51100 | Trove    | Got a heavily runed pewter ring
 51102 | Trove    | Got a warped platinum ring
 51133 | Trove    | Identified the amulet of the Lonely Gods {+Rage rPois
                  | Str+3} (You found it in a treasure trove)
 51134 | Trove    | Identified the ring "Loatrom" {*Tele rF- Str+4 Dex+4} (You
                  | found it in a treasure trove)
 51139 | Trove    | Identified the amulet of the Heron {Harm *Drain rF+ rN+
                  | Str-2 Stlth+} (You found it in a treasure trove)
 51157 | Trove    | Identified the ring of Ofioquimm {rCorr MR+ MP+9} (You
                  | found it in a treasure trove)
 51160 | Trove    | Identified the ring of Reggyz {MR+ Int+5 SInv} (You found
                  | it in a treasure trove)
 51163 | Trove    | Identified the ring "Fyshrom" {-Tele Int+6 Slay+6} (You
                  | found it in a treasure trove)
 51166 | Trove    | Identified the ring of Makhleb's Supremacy {rElec MP+9
                  | Int+3} (You found it in a treasure trove)
 51526 | Slime:1  | Entered Level 1 of the Pits of Slime
 51598 | Slime:1  | Reached skill level 15 in Fighting
 51661 | Slime:5  | Entered Level 5 of the Pits of Slime
 51760 | Slime:5  | Learned a level 2 spell: Blink
 51761 | Slime:5  | Found a viscous altar of Jiyva.
 51763 | Slime:5  | Noticed the Royal Jelly
 51779 | Slime:5  | Slain by an acid blob

Vault maps used:
D:1:      sevenhm_arrival_forest_fort_small_3
D:3:      lemuel_crystal_altar, first_ration, serial_curves, eino_curves_01,
          eino_curves_01, eino_curves_01, uniq_jessica
D:4:      ebering_ghost_sewer_d, enter_ossuary_5, goddamned_bats
D:5:      minmay_temple_entry_large_hall, serial_shops, nicolae_shop_statue_plus
D:6:      uniq_duvessa
D:8:      serial_aquarium, aquarium_bridge_island_small, aquarium_bridge_square,
          aquarium_window_1, aquarium_window_3, aquarium_window_2,
          aquarium_window_fake, aquarium_view_2b, aquarium_view_2d,
          hangedman_little_slice_of_home, okawaru_trees_1
D:9:      serial_undead, serial_undead_a, serial_undead_a, serial_undead_b,
          serial_undead_a, statue_in_the_mist_lemuel, nicolae_sextant,
          grunt_ministairs_7, minmay_st_funbox,
          lemuel_mausoleum_altar_kikubaaqudgha
D:11:     lair_entry_dummy, orc_0_dummy, chequers_serial_rivers_small_b,
          st_stairs_8, bloody_makhleb
D:12:     serial_shops, freezing_bzr
D:13:     minmay_octo_star, david_vaults_5, grunt_ministairs_2,
          xom_teletrap_fun, uniq_nessos, uniq_rupert, uniq_azrael
D:14:     minivault_19
D:15:     hangedman_depths_entry_try_elsewhere_first, grunt_decor_clamped,
          solitary_fountain, uniq_agnes, uniq_roxanne
Temple:   dpeg_three_leaves_temple
Lair:1:   statuecave_lemuel, serial_bayou_ford_a, grunt_forest_stairs_basic
Lair:2:   spider_nest_entry_a, chequers_serial_rivers_large_a,
          grunt_megastairs_3, infiniplex_staircase_pool_2, lemuel_fruit_tree
Lair:3:   minmay_shoals_entry_beasts
Lair:5:   minmay_lair_oklob_tunnel, wad_woods_antlair, minmay_lair_oklob_chamber
Lair:6:   due_jungle_book, nicolae_slime_entry_slimehenge, grunt_megastairs_2
Shoals:3: serial_shops, nicolae_shop_behind_doors
Shoals:4: shoals_end_hangedman, nicolae_shoals_water_shrine, uniq_polyphemus
Spider:1: uniq_frances
Spider:2: ebering_ghost_disaster_area, uniq_asterion, uniq_arachne
Spider:3: nicolae_spider_webs_and_nodes
Spider:4: spider_rune_water
Slime:1:  nicolae_slime_barrier
Slime:5:  uniq_dissolution
Orc:1:    enter_bailey_2, nicolae_alphabet_shops, nicolae_orc_sculptors_studio
Orc:2:    grunt_orc_tribal_feast
Elf:1:    evilmike_minifort, minivault_8, uniq_nikola, uniq_donald
Elf:2:    basic_altar
Elf:3:    minmay_elf_hall_quartered_circle, minmay_shop_grove
Vaults:1: vaults_dpeg_ring, nicolae_vaults_hallways_thing,
          vaults_room_hangedman_quadrants, vaults_dpeg_cross,
          ontoclasm_vaults_ring_small, nicolae_vaults_little_squares_5,
          vaults_room_large_hall, vaults_dpeg_encased_lava,
          grunt_vaults_trifunnel, vaults_dpeg_diagonal,
          nicolae_trove_entry_crystal
Depths:1: grunt_mini_vestibule, minmay_misc_feat_nine_boxes, st_stairs_4,
          hex_tiny, spider_trap, chequers_serial_rivers_micro_e,
          hangedman_decor_peaks_small, nicolae_twisting_strands,
          minmay_misc_feat_tower, kennysheep_just_a_vault
Depths:2: minmay_the_grid_square_5x5_4x4, kennysheep_cross_bottleneck,
          hell_entry, rand_demon_pan_entry_7, infiniplex_staircase_zigzag_2
Depths:3: minmay_skeletal_surprise, rand_demon_pan_entry_4, serial_shops,
          nicolae_shop_stone, grunt_decor_arrowhead, hell_entry, minivault_10,
          nicolae_water_bricks, uniq_boris
Trove:    trove_jewel_2
Ossuary:  ossuary_zaba_two_paths
Bailey:   bailey_axe_1, bailey

Skill      XL: |  1  2  3  4  5  6  7  8  9 10 11 12 13 14 15 16 17 18 19 20 |
---------------+-------------------------------------------------------------+-----
Spellcasting   | 3 4 7 11 13 | 13.0
Hexes          | 4 5 7 9 10 13 | 13.0
Stealth        | 5 6 8 11 13 14 15 16 17 20 22 24 | 24.2
Short Blades   | 2 3 4 7 8 9 10 | 10.0
Dodging        | 4 10 13 14 15 17 18 | 18.0
Shields        | 1 2 5 7 |  7.2
Evocations     | 4 6 8 9 |  9.0
Invocations    | 3 6 11 12 | 12.0
Transmutations | 7 8 |  8.0
Conjurations   | 3 4 |  4.0
Fighting       | 3 4 7 10 12 14 15 | 15.1
Air Magic      | 1 4 5 |  5.0
Charms         | 8 9 |  9.0
Necromancy     | 3 |  3.0
Earth Magic    | 4 |  4.0
Throwing       | 5 8 |  8.8

Action                   |  1- 3 |  4- 6 |  7- 9 | 10-12 | 13-15 | 16-18 | 19-21 || total
-------------------------+-------+-------+-------+-------+-------+-------+-------++-------
Melee: Dagger            |    56 |   413 |   275 |   389 |   375 |       |       ||  1508
       Short sword       |       |       |    83 |    35 |       |       |       ||   118
       Quick blade       |       |       |       |       |  1332 |  1781 |   759 ||  3872
       Rapier            |       |       |       |       |   100 |       |       ||   100
Throw: Throwing net      |       |       |       |       |       |       |     2 ||     2
 Cast: Corona            |     3 |       |       |       |     2 |       |       ||     5
       Ensorcelled Hiber |    16 |     3 |    46 |   165 |   176 |    65 |    89 ||   560
       Confuse           |     1 |    17 |    41 |    83 |   127 |    28 |     8 ||   305
       Dazzling Spray    |       |       |     2 |       |    27 |    11 |       ||    40
       Confusing Touch   |       |       |       |     6 |   117 |   153 |    43 ||   319
       Tukima's Dance    |       |       |       |       |    13 |     3 |       ||    16
       Invisibility      |       |       |       |       |     4 |    18 |     9 ||    31
       Passwall          |       |       |       |       |     2 |    17 |    10 ||    29
       Irradiate         |       |       |       |       |     2 |     5 |    11 ||    18
       Yara's Violent Un |       |       |       |       |     1 |       |       ||     1
       Regeneration      |       |       |       |       |       |    11 |     3 ||    14
       Deflect Missiles  |       |       |       |       |       |     2 |     1 ||     3
       Blink             |       |       |       |       |       |       |     3 ||     3
Invok: Heroism           |       |       |       |       |     1 |       |       ||     1
       Renounce Religion |       |       |       |       |     1 |       |       ||     1
       Shadow Step       |       |       |       |       |       |     1 |     1 ||     2
 Abil: Evoke Flight      |       |       |       |       |       |     1 |     3 ||     4
Evoke: Wand              |       |       |     9 |     5 |     4 |     8 |       ||    26
       Lamp of fire      |       |       |       |     1 |     1 |       |       ||     2
  Use: Scroll            |       |     9 |     2 |     6 |    25 |     8 |     6 ||    56
       Potion            |       |       |     5 |     2 |     5 |     6 |     1 ||    19
 Stab: Sleeping          |    16 |    14 |    35 |    87 |   192 |   166 |   151 ||   661
       Confused          |       |    19 |    19 |    64 |   199 |   194 |    59 ||   554
       Distracted        |       |     3 |     2 |     1 |     4 |     7 |     3 ||    20
       Paralysed         |       |       |     3 |       |       |       |       ||     3
       Invisible         |       |       |       |       |    43 |   100 |    70 ||   213
       Held in net/web   |       |       |       |       |       |       |     2 ||     2
  Eat: Ration            |     2 |       |     5 |     6 |    12 |    11 |     8 ||    44
Armor: Robe              |     2 |    42 |    23 |     7 |    31 |    28 |    38 ||   171
Dodge: Dodged            |    44 |   226 |   254 |   245 |   789 |   355 |   360 ||  2273
       Deflected         |       |       |       |       |       |     3 |     6 ||     9
Block: Buckler           |       |    74 |   135 |   118 |   404 |   270 |   308 ||  1309
       Reflection        |       |       |       |       |       |    25 |    20 ||    45

Table legend:
 A = Non-vault XP
 B = Vault XP
 C = Vault XP percentage of total XP
 D = Non-vault monster count
 E = Vault monster count
 F = Vault count percentage of total count
                 A         B        C        D         E       F
            +---------+---------+-------+---------+---------+-------
      Total |  333909 |  234109 |  41.2 |     982 |     457 |  31.8
            +---------+---------+-------+---------+---------+-------
        D:1 |      28 |       0 |   0.0 |      15 |       0 |   0.0
        D:2 |      30 |       0 |   0.0 |      17 |       0 |   0.0
        D:3 |      73 |      37 |  33.6 |      23 |       1 |   4.2
        D:4 |     277 |     639 |  69.8 |       8 |      23 |  74.2
        D:5 |     802 |       0 |   0.0 |      22 |       0 |   0.0
        D:6 |    1960 |     205 |   9.5 |      26 |       2 |   7.1
        D:7 |    1451 |     109 |   7.0 |      26 |       1 |   3.7
        D:8 |    1111 |     165 |  12.9 |      21 |       8 |  27.6
        D:9 |    2687 |    1456 |  35.1 |      29 |      27 |  48.2
       D:10 |    4365 |     112 |   2.5 |      25 |       2 |   7.4
       D:11 |    3011 |      82 |   2.7 |      28 |       2 |   6.7
       D:12 |    3542 |       0 |   0.0 |      29 |       0 |   0.0
       D:13 |    5311 |   19448 |  78.5 |      20 |      35 |  63.6
       D:14 |   18644 |       0 |   0.0 |      59 |       0 |   0.0
       D:15 |   14387 |    8208 |  36.3 |      32 |       6 |  15.8
     Lair:1 |    5062 |     662 |  11.6 |      25 |       1 |   3.8
     Lair:2 |    2660 |    1044 |  28.2 |      14 |       4 |  22.2
     Lair:3 |    6442 |     780 |  10.8 |      28 |       2 |   6.7
     Lair:4 |    7298 |       0 |   0.0 |      24 |       0 |   0.0
     Lair:5 |    7151 |    8437 |  54.1 |      21 |      23 |  52.3
     Lair:6 |   23060 |    4553 |  16.5 |      46 |      19 |  29.2
   Shoals:1 |     778 |       0 |   0.0 |       1 |       0 |   0.0
   Shoals:2 |   11354 |       0 |   0.0 |      20 |       0 |   0.0
   Shoals:3 |   11104 |       0 |   0.0 |      19 |       0 |   0.0
   Shoals:4 |    2073 |   12209 |  85.5 |       4 |      17 |  81.0
   Spider:1 |   13780 |    2365 |  14.6 |      35 |       1 |   2.8
   Spider:2 |   10945 |    7531 |  40.8 |      27 |       3 |  10.0
   Spider:3 |   15031 |       0 |   0.0 |      39 |       0 |   0.0
   Spider:4 |   16775 |   23204 |  58.0 |      38 |      43 |  53.1
    Slime:1 |    3854 |       0 |   0.0 |       2 |       0 |   0.0
    Slime:2 |    4517 |       0 |   0.0 |       7 |       0 |   0.0
    Slime:3 |    1976 |       0 |   0.0 |       1 |       0 |   0.0
    Slime:4 |    1906 |       0 |   0.0 |       1 |       0 |   0.0
    Slime:5 |    2078 |    2870 |  58.0 |       5 |       3 |  37.5
      Orc:1 |    2357 |       0 |   0.0 |      28 |       0 |   0.0
      Orc:2 |    2004 |    7457 |  78.8 |      33 |      30 |  47.6
      Elf:1 |   30993 |   17541 |  36.1 |      51 |      22 |  30.1
      Elf:2 |   19773 |   21478 |  52.1 |      33 |      27 |  45.0
      Elf:3 |   11020 |   45218 |  80.4 |      17 |      30 |  63.8
   Depths:1 |   22309 |    6717 |  23.1 |      27 |       8 |  22.9
   Depths:2 |   38896 |   40068 |  50.7 |      52 |      32 |  38.1
   Depths:3 |    1034 |       0 |   0.0 |       4 |       0 |   0.0
    Ossuary |       0 |     231 | 100.0 |       0 |      53 | 100.0
     Bailey |       0 |    1283 | 100.0 |       0 |      32 | 100.0
            +---------+---------+-------+---------+---------+-------
